 Dungeon Crawl Stone Soup version 0.28-a0-1518-gbe868bca14 (webtiles) character file.

Game seed: 9854333762343575483

161 buddhastalin the Cutter (level 5, -6/49 HPs)
             Began as a Kobold Berserker on Jan 16, 2022.
             Was a Believer of Trog.
             Mangled by Edmund (9 damage)
             ... on level 4 of the Dungeon.
             The game lasted 00:04:36 (4256 turns).

buddhastalin the Cutter (Kobold Berserker)          Turns: 4256, Time: 00:04:36

Health: -6/49      AC:  3    Str: 17    XL:     5   Next: 70%
Magic:  5/5        EV: 15    Int:  8    God:    Trog [**....]
Gold:   236        SH:  0    Dex: 14    Spells: 4/4 levels left

rFire   . . .      SeeInvis .   a - +0 short sword
rCold   . . .      Faith    .   (no shield)
rNeg    . . .      Spirit   .   b - +0 animal skin
rPois   .          Reflect  .   (no helmet)
rElec   .          Harm     .   p - +0 cloak
rCorr   .          Rampage  .   (no gloves)
Will    .....                   (no boots)
Stlth   ..........              (no amulet)
HPRegen 0.16/turn               (no ring)
MPRegen 0.09/turn               (no ring)

@: berserking, very quick
A: small, no large weapons, nightstalker 3
a: Renounce Religion, Berserk, Trog's Hand


You were on level 4 of the Dungeon.
You worshipped Trog.
Trog was pleased with you.
You visited 1 branch of the dungeon, and saw 5 of its levels.

You collected 236 gold pieces.

Inventory:

Hand Weapons
 a - a +0 short sword (weapon)
Missiles
 l - 7 boomerangs (quivered)
Armour
 b - a +0 animal skin (worn)
 p - a +0 cloak (worn)
Jewellery
 n - a ring of resist corrosion
Wands
 t - a wand of iceblast (13)
 u - a wand of acid (7)
Scrolls
 d - a scroll of enchant weapon {unknown}
 f - a scroll of magic mapping {unknown}
 g - a scroll of silence {unknown}
 i - a scroll of noise {unknown}
 k - a scroll of enchant armour {unknown}
 m - 2 scrolls of holy word {unknown}
 o - 2 scrolls of identify {unknown}
 r - a scroll of teleportation {unknown}
 s - a scroll of acquirement {unknown}
Potions
 c - 2 potions of heal wounds {unknown}
 e - 2 potions of mutation {unknown}
 h - a potion of invisibility {unknown}
 j - 4 potions of haste {unknown}
 q - a potion of brilliance {unknown}


   Skills:
 + Level 4.1 Fighting
 * Level 6.0 Short Blades
 - Level 1.5 Armour
 + Level 3.6 Dodging
 + Level 2.4 Stealth


You had 4 spell levels left.
You didn't know any spells.
Your spell library was empty.

Dungeon Overview and Level Annotations

Branches:
Dungeon (5/15)
 Temple: D:4-7

Altars:
Fedhas
Nemelex Xobeh

Annotations:
D:4 Edmund


Innate Abilities, Weirdness & Mutations

You are small and have problems with some larger weapons.
You are completely attuned to the shadows.


Message History

You hit Edmund.
Edmund is lightly wounded.
Edmund hits you with a +1 flail of protection!
You barely miss Edmund.
Edmund is lightly wounded.
Edmund hits you with a +1 flail of protection.
A red film seems to cover your vision as you go berserk!
You feel yourself moving faster!
You feel mighty! Edmund closely misses you.
You hit Edmund.
Edmund is lightly wounded.
Edmund hits you with a +1 flail of protection!
You hit Edmund.
Edmund is lightly wounded.
You hit Edmund but do no damage.
Edmund is lightly wounded.
Edmund barely misses you.
You barely miss Edmund.
Edmund is lightly wounded.
You puncture Edmund!
Edmund is moderately wounded.
Edmund hits you with a +1 flail of protection.
* * * LOW HITPOINT WARNING * * *
You closely miss Edmund.
Edmund is moderately wounded.
You barely miss Edmund. Your punch misses Edmund.
Edmund is moderately wounded.
Edmund asks, "Have you met my wondrous brother?"
Edmund hits you with a +1 flail of protection!
* * * LOW HITPOINT WARNING * * *
You hit Edmund but do no damage.
Edmund is moderately wounded.
You hit Edmund.
Edmund is moderately wounded.
Edmund barely misses you.
You closely miss Edmund.
Edmund is moderately wounded.
You hit Edmund.
Edmund is heavily wounded.
Edmund hits you with a +1 flail of protection!
You die...

#.....#+###..##...##..#####
######....##'##...###'#....
#....#..##...##..#....
#....#....<...'..#....
#....#........#..'....
#....#..##...##..#....
##[###..##...##..#....
#.[.##..##...##..#....
#....@........#..#....
#....@........#..#....
#.............#..#....
##...........^#..#....
#..##..##....#..#....
#..###'##..##########
#####...#...# #..
#....#...# #.. ##..##..####
#..


You could see Edmund.

Vanquished Creatures
  A bullfrog skeleton (D:4)
  An orc wizard (D:4)
  5 adders
  An adder skeleton (D:4)
  4 worms
  2 orcs (D:4)
  4 bats
  5 endoplasms
  2 giant cockroaches
  3 goblins
  4 hobgoblins
  7 kobolds
  7 ball pythons
  5 frilled lizards
  A rat (D:1)
52 creatures vanquished.

Notes
Turn   | Place    | Note
-------+----------+-------------------------------------------
     0 | D:1      | buddhastalin the Kobold Berserker began the quest for the
                  | Orb.
     0 | D:1      | Reached XP level 1. HP: 14/14 MP: 1/1
    49 | D:1      | Found a faded altar of an unknown god.
   296 | D:1      | Reached XP level 2. HP: 19/19 MP: 2/2
  1477 | D:2      | Reached XP level 3. HP: 23/23 MP: 3/3
  1923 | D:2      | Reached skill level 5 in Short Blades
  1923 | D:2      | Reached skill level 1 in Stealth
  2121 | D:2      | Reached XP level 4. HP: 15/29 MP: 4/4
  2527 | D:3      | Reached ** piety under Trog
  3059 | D:3      | Found a blossoming altar of Fedhas.
  3417 | D:4      | Found a sparkling altar of Nemelex Xobeh.
  3575 | D:4      | Reached XP level 5. HP: 24/33 MP: 5/5
  4093 | D:4      | Reached skill level 6 in Short Blades
  4235 | D:5      | Entered Level 5 of the Dungeon
  4235 | D:5      | Noticed Edmund
  4256 | D:4      | Mangled by Edmund

Illustrated notes

Levels and vault maps discovered:
D:1:      dpeg_arrival_shelter, layout_basic,
          dreamdust_ecumenical_altar_statues, minivault_11
D:2:      layout_rooms
D:3:      layout_loops_ring, fedhas_altar_4
D:4:      layout_gridville, overflow_temple_1_default
D:5:      layout_gridville, uniq_edmund

Skill      XL: |  1  2  3  4  5 |
---------------+----------------+-----
Dodging        | 3 |  3.6
Short Blades   | 5 6 |  6.0
Stealth        | 1 2 |  2.4
Fighting       | 4 |  4.1
Armour         | |  1.5

Action                   |  1- 3 |  4- 6 || total
-------------------------+-------+-------++-------
Melee: Short sword       |    83 |   104 ||   187
       Punch             |       |     4 ||     4
Invok: Berserk           |       |     2 ||     2
 Stab: Sleeping          |    11 |    13 ||    24
Armor: Animal skin       |     3 |     7 ||    10
Dodge: Dodged            |    44 |    51 ||    95

Table legend: (Time is in decaauts)
 A = Elapsed time spent in this place.
 B = Non-inter-level travel time spent in this place.
 C = Inter-level travel time spent in this place.
 D = Time resting spent in this place.
 E = Time spent auto-exploring this place.
 F = Levels seen in this place.
 G = Mean time per level.
                   A        B        C        D        E       F      G
               +--------+--------+--------+--------+--------+-----+--------+
         Total |   4233 |   4172 |     61 |   1027 |   2726 |   5 |  846.6 |
       Dungeon |   4233 |   4172 |     61 |   1027 |   2726 |   5 |  846.6 |
               +--------+--------+--------+--------+--------+-----+--------+

Top non-repeatable levels by time:
     D:1: 1282 daAuts
     D:2: 1066 daAuts
     D:4: 1034 daAuts
     D:3: 844 daAuts
     D:5: 6 daAuts
